[Event "*** Titled Tuesday Blitz"]
[Site "Chess.com"]
[Date "2020.05.12"]
[Round "2"]
[White "PawnEatingZombie"]
[Black "kakakz"]
[Result "0-1"]
[WhiteElo "2175"]
[BlackElo "2427"]
[TimeControl "180+1"]
[EndTime "10:19:07 PDT"]
[Termination "kakakz won on time"]

1. d4 Nf6 2. c4 g6 3. Nc3 Bg7 4. e4 d6 5. Be2 e5 6. d5 O-O 7. Be3 a5 8. g4 Na6 9. h4 Nc5 10. f3 c6 11. h5 cxd5 12. cxd5 a4 13. Nh3 Qa5 14. Qd2 Bd7 15. Nf2 b5 16. h6 Bh8 17. O-O b4 18. Ncd1 Bb5 19. Rc1 Nfd7 20. Nd3 Bxd3 21. Bxd3 Bf6 22. Qe2 Rab8 23. Bc4 Rfc8 24.
Nf2 Bd8 25. Kg2 Nb6 26. g5 Nxc4 27. Rxc4 Bb6 28. Rfc1 b3 29. a3 Rc7 30. Ng4 Rbc8 31. Bd2 Qa6 32. Kf1 Nd7 33. Rxc7 Qxe2+ 34. Kxe2 Rxc7 35.
Rxc7 Bxc7 36. Bb4 Kf8 37. Kd3 Ke7 38. Kc4 Bb6 39. Kb5 Bd4 40. Kxa4 Bxb2 41. Kxb3 Bc1 42.
a4 Bxg5 43. a5 Nb8 44. Nxe5 Bxh6 45. Nc6+ Nxc6 46. dxc6 Be3 47. a6 h5 48. e5 h4 49.
exd6+ Kd8 50. d7 Bb6 0-1

[Event "*** Titled Tuesday Blitz"]
[Site "Chess.com"]
[Date "2020.05.12"]
[Round "2"]
[White "Diego_FloresQ"]
[Black "nonsopolo1"]
[Result "1-0"]
[WhiteElo "2426"]
[BlackElo "2173"]
[TimeControl "180+1"]
[EndTime "10:19:07 PDT"]
[Termination "Diego_FloresQ won on time"]

1. e4 c5 2. Nf3 Nc6 3. d4 cxd4 4. Nxd4 g6 5. c4 Bg7 6. Be3 Nf6 7. Nc3 O-O 8. Be2 d6 9. O-O Bd7 10. Qd2 Nxd4 11.
Bxd4 Bc6 12. f3 a5 13. Be3 Nd7 14. Rab1 Nc5 15. b3 b6 16. a3 a4 17. b4 Nb3 18.
Qd3 e5 19. Rfd1 Nd4 20. Bf1 f5 21. exf5 Nxf5 22. Bf2 Qg5 23. Ne4 Bxe4 24. Qxe4 Rab8 25. Kh1 Rfd8 26. Rd5 Qf6 27. Rbd1 Nd4 28. f4 Qe7 29. fxe5 Nf5 30. e6 Re8 31. R5d3 Qxe6 32. Qxe6+ Rxe6 33. Rf3 h5 34. c5 bxc5 35. Bc4 d5 36. Bxd5 Kf7 37. Re1 Re8 38. Bxc5 Kf6 39. Bd4+ Kg5 40. Rxe6 Rxe6 41. Bxe6 Nxd4 42. Rf7 Nxe6 43. b5 Bd4 44. Re7 Kf6 45. Rd7 Ke5 46. g3 g5 47. Kg2 Nc5 48. Rh7 h4 49. gxh4 gxh4 50. Rxh4 Kd5 51. b6 Bb2 52. Rb4 Bxa3 53. b7 1-0

[Event "*** Titled Tuesday Blitz"]
[Site "Chess.com"]
[Date "2020.05.12"]
[Round "2"]
[White "DariaVoit"]
[Black "BocharovD"]
[Result "0-1"]
[WhiteElo "2540"]
[BlackElo "2856"]
[TimeControl "180+1"]
[EndTime "10:19:08 PDT"]
[Termination "BocharovD won on time"]

1. d4 Nf6 2. Nf3 e6 3. c4 d5 4. g3 Bb4+ 5. Bd2 Be7 6. Bg2 O-O 7. O-O Nbd7 8. Qc2 c6 9. Rd1 Ne4 10. Nc3 Nxd2 11. Nxd2 Rb8 12. a4 f5 13. Rab1 a5 14.
Na2 Nf6 15. b4 axb4 16. Nxb4 Bd7 17. c5 e5 18. dxe5 Ne4 19. Nd3 Qa5 20. Nb3 Qxa4 21. f3 Ng5 22. Ra1 Qc4 23. Rdc1 Qxc2 24. Rxc2 Ne6 25.
Ra7 g5 26. e3 f4 27. Kf2 fxe3+ 28. Kxe3 Ng7 29. Nd4 Nf5+ 30. Nxf5 Bxf5 31. Rb2 Bc8 32. Kd4 Rf7 33. Nb4 b6 34. Nxc6 bxc5+ 35. Kc3 d4+ 36.
Kc2 Bf5+ 37. Kc1 Rxb2 38. Kxb2 Bf8 39. Rxf7 Kxf7 40. g4 Bd7 41. Na5 Bb5 42. Nb3 Ke6 43. h4 h6 44. hxg5 hxg5 45. Nd2 Kxe5 46. Ne4 Be7 47. Kc2 c4 48. Kd2 Bb4+ 49. Kc2 Ba4+ 50.
Kc1 c3 51. Nf2 Ba3+ 52. Kb1 c2+ 53. Ka2 Bb5 0-1

[Event "*** Titled Tuesday Blitz"]
[Site "Chess.com"]
[Date "2020.05.12"]
[Round "2"]
[White "GianmarcoVaR"]
[Black "kirillshevchenko"]
[Result "1-0"]
[WhiteElo "2552"]
[BlackElo "2819"]
[TimeControl "180+1"]
[EndTime "10:19:08 PDT"]
[Termination "GianmarcoVaR won by resignation"]

1. d4 Nf6 2. c4 g6 3. g3 Bg7 4.
Bg2 d5 5. Qa4+ c6 6. Nf3 O-O 7. O-O Nbd7 8. cxd5 Nb6 9. Qa5 Qxd5 10. Qd2 Qh5 11.
Nc3 Bh3 12. Qg5 Bxg2 13. Kxg2 Rfd8 14. Rd1 Nbd5 15. Qxh5 Nxh5 16. e4 Nc7 17. e5 Bf8 18. Be3 Ng7 19. g4 Nd5 20. Ng5 h6 21. Nge4 Ne6 22.
Kf3 Bg7 23. Rac1 f6 24. exf6 exf6 25. Nxd5 cxd5 26. Nc5 Nxc5 27. Rxc5 Rd7 28. Rdc1 Kf7 29. Rc8 Rxc8 30. Rxc8 h5 31. gxh5 gxh5 32. Kf4 Kg6 33. h3 a6 34. a4 Re7 35. Kf3 Rd7 36. b4 Kf7 37. b5 axb5 38. axb5 Bf8 39. Kf4 Bd6+ 40.
Kf5 Rc7 41. Rd8 Ke7 42. Rh8 Rc1 43. Rh7+ Ke8 44. Ke6 Bf8 45. Rxb7 Rc8 46. Kxf6 Rd8 47. Bf4 Rc8 48. Ke6 Rd8 49. Rb8 Rxb8 50. Bxb8 Bg7 51.
Be5 Bxe5 52. Kxe5 Kd7 53. Kxd5 1-0

[Event "*** Titled Tuesday Blitz"]
[Site "Chess.com"]
[Date "2020.05.12"]
[Round "2"]
[White "TigrVShlyape"]
[Black "michaelk123"]
[Result "1-0"]
[WhiteElo "2831"]
[BlackElo "2533"]
[TimeControl "180+1"]
[EndTime "10:19:08 PDT"]
[Termination "TigrVShlyape won by resignation"]

1. d4 Nf6 2. Nf3 e6 3. Bf4 b6 4.
e3 Bb7 5. Nbd2 g6 6. a4 a5 7. h3 Bg7 8. Bb5 O-O 9. O-O d6 10. c3 Nbd7 11. Re1 Qe7 12. e4 e5 13. Bg5 h6 14.
Bh4 Rfd8 15. Qc2 Nf8 16. Rad1 g5 17. Bg3 Ng6 18. dxe5 dxe5 19. Bf1 Rd7 20. Bb5 Rdd8 21. Nh2 Nh5 22. Ng4 Nxg3 23. fxg3 Bc8 24. Ne3 Be6 25. Bc4 Rd7 26. Bxe6 Qxe6 27. Ndf1 Rad8 28. Rxd7 Rxd7 29. Rd1 Bf8 30. Rxd7 Qxd7 31. g4 Bc5 32. Kh2 Nf4 33. Nf5 c6 34. Nxh6+ Kf8 35. Nf5 b5 36. b3 Qd3 37. Qxd3 Nxd3 38. Nd2 bxa4 39. bxa4 Nb2 40. Nb3 Nxa4 41. Nxa5 Nxc3 42. Nxc6 f6 43. Kg3 Nxe4+ 44. Kf3 Nd6 45. Nxd6 Bxd6 46. Ke4 Kf7 47. Kf5 Bc5 48. Na5 e4 49. Kxe4 Bb4 50. Nc4 Ke6 51. Ne3 Bc3 52. Nf5 Bb2 53. g3 Ba1 54. h4 gxh4 55. gxh4 Kf7 56. h5 Bb2 57. Kd5 Bc1 58.
Nd6+ Kg7 59. Ke6 Bd2 60. Ne8+ Kh6 61. Kf5 Bc3 62. Nxf6 Bb2 63. g5+ Kg7 64. h6+ Kh8 65. g6 1-0

[Event "*** Titled Tuesday Blitz"]
[Site "Chess.com"]
[Date "2020.05.12"]
[Round "2"]
[White "nabukatnezarr"]
[Black "Gordima"]
[Result "0-1"]
[WhiteElo "2507"]
[BlackElo "2766"]
[TimeControl "180+1"]
[EndTime "10:19:08 PDT"]
[Termination "Gordima won by resignation"]

1. d4 d5 2. c4 e6 3. Nc3 Bb4 4. Qc2 dxc4 5. Nf3 b5 6. e4 Bb7 7.
Be2 Nf6 8. e5 Nd5 9. O-O a6 10.
Ne4 Nd7 11. b3 cxb3 12. axb3 Be7 13. Bg5 Nb4 14. Qb1 h6 15. Bxe7 Qxe7 16. Rc1 Rc8 17. h4 Nd5 18. Bd1 O-O 19. Qd3 Rfd8 20. g4 f6 21.
exf6 N5xf6 22. Nxf6+ Qxf6 23. g5 Qf4 24. gxh6 Rf8 25.
Qg6 Qxh6 26. Qxh6 gxh6 27. Ne5 Nxe5 28. dxe5 Rf4 29. Rc5 Bd5 30. Rac1 c6 31. R5c3 Rcf8 32. Rg3+ Kh8 33. f3 Rxh4 34. Kf2 Rh5 35. Ke3 Rxe5+ 36. Kd4 Rg5 37. Rxg5 hxg5 38. Ke5 Kg7 39. Be2 Rf5+ 40. Kd6 Kf6 41. Rh1 Rf4 42. Rh6+ Kg7 43. Rh3 Rb4 44.
Rg3 Kf6 45. Rg1 Rxb3 46. Rf1 a5 47. f4 a4 48. fxg5+ Kxg5 49. Rg1+ Kf4 50. Rf1+ Ke3 51. Bg4 Kd4 52. Rd1+ Kc3 53. Bxe6 Bxe6 54. Kxe6 a3 55. Kd6 Kb2 56. Kxc6 a2 57. Rd2+ Ka3 58. Rd1 Rb1 59. Rd3+ Kb4 60. Rd4+ Kc3 0-1

[Event "*** Titled Tuesday Blitz"]
[Site "Chess.com"]
[Date "2020.05.12"]
[Round "2"]
[White "ChessQueen"]
[Black "r31415"]
[Result "1-0"]
[WhiteElo "2633"]
[BlackElo "2320"]
[TimeControl "180+1"]
[EndTime "10:19:08 PDT"]
[Termination "ChessQueen won by resignation"]

1. e4 d6 2. d4 Nf6 3. Nc3 g6 4. Be3 c6 5. a4 Nbd7 6. Nf3 Qc7 7. Bd3 Bg7 8. O-O O-O 9. h3 e5 10. Re1 b6 11. Qd2 Bb7 12. Bh6 Rfe8 13. Bxg7 Kxg7 14. Rad1 Rad8 15. Bc4 h6 16. Ba2 Re7 17. Qd3 Rde8 18. Qc4 Qb8 19. dxe5 Nxe5 20. Nxe5 dxe5 21. Rd3 Qc8 22. Rd6 Rd7 23. Rxd7 Qxd7 24. Rd1 Qe7 25. Qd3 Bc8 26. Qd6 Be6 27. f3 Bxa2 28. Nxa2 Qe6 29. Qxe6 Rxe6 30. Rd8 Re8 31. Rd6 Re6 32. Rxe6 fxe6 33. Nb4 Nd7 34. Nxc6 a6 35. b4 Kf6 36. Kf2 h5 37. Ke3 Kg5 38. c4 Kh4 39. Kf2 Kg5 40. a5 bxa5 41. Nxa5 Kf6 42. c5 Ke7 43. Nc6+ Ke8 44.
h4 Kf7 45. Ke3 Kf6 46. Kd3 g5 47. hxg5+ Kxg5 48. Nd8 Kf4 49. Ke2 Kg3 50. Kf1 h4 51. Nxe6 h3 52. gxh3 Kxf3 53. c6 Nb6 54. Nc5 Ke3 55.
h4 Kf4 56. Kf2 Kg4 57. Nd7 Kxh4 58. Nxb6 Kg5 59. c7 1-0

[Event "*** Titled Tuesday Blitz"]
[Site "Chess.com"]
[Date "2020.05.12"]
[Round "2"]
[White "Filip_Covic"]
[Black "DonBroca"]
[Result "1-0"]
[WhiteElo "2457"]
[BlackElo "2228"]
[TimeControl "180+1"]
[EndTime "10:19:09 PDT"]
[Termination "Filip_Covic won by resignation"]

1. Nf3 g6 2. c4 Bg7 3. g3 Nf6 4. Bg2 O-O 5. Nc3 d5 6. cxd5 Nxd5 7. O-O c5 8. d3 Nc6 9. Bd2 Nc7 10. Rc1 Rb8 11.
Na4 b6 12. b3 Bb7 13. Bc3 e5 14. e3 Ne6 15. Bb2 Qe7 16. Nc3 Rbd8 17. Nd2 Rd7 18. Nd5 Qd8 19. e4 Ned4 20. Nc4 f6 21. f4 Ne7 22.
Nce3 Nxd5 23. Nxd5 Bxd5 24. exd5 f5 25. b4 Re8 26. bxc5 exf4 27. c6 Rxd5 28. c7 Ne2+ 29. Qxe2 Rxe2 30. Bxd5+ Qxd5 31. c8=Q+ Bf8 32. Qc4 Qxc4 33.
dxc4 Rxb2 34. gxf4 Bc5+ 35. Kh1 Rxa2 36. Rcd1 Kg7 37.
Rd7+ Kh6 38. Re1 a5 39. Re8 Ra1+ 40. Kg2 Ra2+ 41. Kh3 Rxh2+ 42. Kxh2 Kh5 43. Kh3 h6 44. Rh7 Bd6 45. Rd7 Bb4 46. Re6 Ba3 47. Rg7 Bc1 48.
Rgxg6 Bxf4 49. Rxb6 a4 50. Ra6 Bg5 51. Rgc6 f4 52.
Rxa4 f3 53. Kg3 f2 54. Kxf2 Bh4+ 55. Kf3 Bg5 56. Ra5 Kh4 57. Rxg5 hxg5 58. Rd6 1-0

[Event "*** Titled Tuesday Blitz"]
[Site "Chess.com"]
[Date "2020.05.12"]
[Round "2"]
[White "ZoltanChef"]
[Black "WPWPWP-2015"]
[Result "0-1"]
[WhiteElo "2141"]
[BlackElo "2413"]
[TimeControl "180+1"]
[EndTime "10:19:09 PDT"]
[Termination "WPWPWP-2015 won on time"]

1. e4 c5 2. Nf3 e6 3. b3 b6 4. Bb2 Bb7 5. Nc3 Nf6 6. e5 Nd5 7. Nxd5 Bxd5 8. c4 Bb7 9. Be2 Nc6 10. O-O Be7 11. d4 cxd4 12. Nxd4 Nxe5 13. Nxe6 dxe6 14. Bxe5 f6 15. Bc3 Qxd1 16. Rfxd1 Rd8 17. Rxd8+ Bxd8 18. Rd1 Be7 19. Bg4 Bc8 20. Bh5+ g6 21. Bf3 Kf7 22.
Bc6 g5 23. b4 e5 24. a4 Be6 25.
Bd5 Rc8 26. Be1 Bxd5 27. cxd5 Bd6 28. Kf1 Rc2 29. a5 b5 30. f3 a6 31. h3 h5 32.
Bd2 Rb2 33. Ke1 Bxb4 34. Bxb4 Rxb4 35. d6 Rd4 36. d7 Ke7 37. Rc1 Kxd7 38. Rc2 h4 39. Ke2 Ra4 40. Rd2+ Ke6 41. Rc2 Kd5 42. Rd2+ Kc5 43. Rc2+ Rc4 44. Rd2 b4 45. Ke3 b3 46. Rb2 Kb4 47. Kd3 Rd4+ 0-1

[Event "*** Titled Tuesday Blitz"]
[Site "Chess.com"]
[Date "2020.05.12"]
[Round "2"]
[White "Natalya_Buksa"]
[Black "Sethu0025"]
[Result "1-0"]
[WhiteElo "2526"]
[BlackElo "2753"]
[TimeControl "180+1"]
[EndTime "10:19:10 PDT"]
[Termination "Natalya_Buksa won by resignation"]

1. d4 Nf6 2. Nc3 d5 3. Bf4 a6 4. e3 e6 5. Nf3 c5 6. dxc5 Bxc5 7. Bd3 b5 8. O-O Bb7 9. Bg5 Nbd7 10. e4 b4 11. e5 bxc3 12. exf6 gxf6 13. Bh6 cxb2 14. Rb1 Qc7 15. Rxb2 Rg8 16. Qe2 Bc6 17. Be3 d4 18.
Bd2 Ne5 19. Be4 Bxe4 20. Qxe4 Qc6 21. Qxc6+ Nxc6 22. Rfb1 Rd8 23. Kf1 Rd7 24. Rb7 Nd8 25.
Rb8 Ke7 26. g3 Re8 27. Ke2 Nc6 28. Rxe8+ Kxe8 29. Ne1 Ne5 30. Nd3 Nxd3 31. cxd3 Ke7 32. Bb4 Kd6 33. Kd2 Rc7 34. Bxc5+ Rxc5 35. Rb6+ Rc6 36.
Rb7 Rc7 37. Rb6+ Kc5 38. Rxa6 Rb7 39. Kc2 f5 40. h4 Kb5 41. Ra8 Rc7+ 42. Kd2 h5 43.
a4+ Kb4 44. a5 Kb5 45. a6 Kb6 46. Rh8 Kxa6 47. Rxh5 Kb6 48. Rh7 Ra7 49. Ke2 Kc5 50.
h5 Kd6 51. h6 Ke7 52. Rg7 Kf6 53. Rg8 Ra2+ 54. Kf3 Ra3 55. h7 Rxd3+ 56. Kg2 Ke5 57. h8=Q+ 1-0

[Event "*** Titled Tuesday Blitz"]
[Site "Chess.com"]
[Date "2020.05.12"]
[Round "2"]
[White "kleinebeer98"]
[Black "karinachess1"]
[Result "1/2-1/2"]
[WhiteElo "2670"]
[BlackElo "2470"]
[TimeControl "180+1"]
[EndTime "10:19:10 PDT"]
[Termination "Game drawn by repetition"]

1. e4 c5 2. Nf3 e6 3. Nc3 a6 4. d4 cxd4 5. Nxd4 b5 6. Bd3 Qb6 7. Nb3 Qc7 8. O-O Bb7 9. Re1 Nf6 10. e5 Nd5 11. Ne4 Be7 12. a4 b4 13. Bd2 O-O 14.
Rc1 Nc6 15. Nec5 d6 16. Nxb7 Qxb7 17. exd6 Bxd6 18. Re4 Ne5 19. Qe2 Nxd3 20. Qxd3 Rfd8 21. Rh4 Nf6 22. Qe2 Be7 23. h3 Rd5 24. Be3 Rad8 25.
Rc4 h6 26. a5 Qb5 27. Bb6 Rd1+ 28. Rxd1 Rxd1+ 29. Qxd1 Qxc4 30. Qd2 Nd5 31. Bd4 Bf6 32. Bxf6 Nxf6 33. Qd8+ Kh7 34. Qd2 Nd5 35. Nd4 Qc5 36. Qd3+ g6 37. Nb3 Qc6 38. Qf3 Kg7 39. Nd4 Qc5 40.
Qe4 Qxa5 41. Qe5+ Kh7 42. h4 Qa1+ 43. Kh2 Qxb2 44. h5 Qc3 45. hxg6+ fxg6 46. f4 Qc7 47. Nxe6 Qxe5 48. fxe5 a5 49. Nc5 a4 50. e6 Kg7 51.
Nxa4 Kf6 52. Nc5 Nc7 53. Nd3 Nd5 54. Nc5 Nc7 55. Nd3 Nd5 56. Nc5 1/2-1/2

[Event "*** Titled Tuesday Blitz"]
[Site "Chess.com"]
[Date "2020.05.12"]
[Round "2"]
[White "IwkooO"]
[Black "AndrewDGreen"]
[Result "1-0"]
[WhiteElo "2541"]
[BlackElo "2286"]
[TimeControl "180+1"]
[EndTime "10:19:11 PDT"]
[Termination "IwkooO won on time"]

1. e4 c5 2. Nf3 g6 3. d4 cxd4 4. Nxd4 Nc6 5. c4 Nf6 6. Nc3 Nxd4 7. Qxd4 d6 8. Bg5 Bg7 9. Qd2 O-O 10. Be2 a5 11. O-O a4 12. Rfd1 Qa5 13. Rac1 Be6 14. b3 axb3 15. axb3 Qb4 16. Bxf6 Bxf6 17. Nd5 Qxd2 18.
Nxf6+ Kg7 19. Nh5+ gxh5 20. Rxd2 h4 21. f4 f6 22. Kf2 Ra3 23. Rd3 Rfa8 24. g3 hxg3+ 25. hxg3 Ra2 26. Ke3 Rb2 27. Bf3 Ra3 28. Rcc3 b6 29. Bd1 Ra1 30. Rd2 Rbb1 31. Rcd3 Bh3 32. Bf3 Rg1 33. Rd1 Raxd1 34. Rxd1 Rxg3 35. Kf2 Rg6 36. f5 Rg5 37. Ra1 h5 38. Ra7 Kf7 39. Rb7 Bg4 40. Bh1 Bd1 41. Rxb6 h4 42. b4 h3 43. Ra6 h2 44. Ra1 Rg1 45. Bg2 Ke8 46.
b5 Kd7 47. Ra7+ Kd8 48. Ra8+ Kc7 49. Ra7+ Kb6 50. Rxe7 Bg4 51. Re6 Kc5 52. Rxf6 Bh3 53.
Bf3 Rf1+ 54. Kg3 Rxf3+ 55. Kxh2 Re3 56. Re6 Bf1 57. b6 1-0

[Event "*** Titled Tuesday Blitz"]
[Site "Chess.com"]
[Date "2020.05.12"]
[Round "2"]
[White "Anton_Demchenko"]
[Black "Opening_Prep"]
[Result "1/2-1/2"]
[WhiteElo "2824"]
[BlackElo "2347"]
[TimeControl "180+1"]
[EndTime "10:19:12 PDT"]
[Termination "Game drawn - insufficient material"]

1. e4 c5 2. Nf3 Nc6 3. Bb5 g6 4.
O-O Bg7 5. Nc3 e5 6. d3 Nge7 7.
Bg5 O-O 8. Bxe7 Nxe7 9. a4 d5 10. exd5 Nxd5 11. Re1 Nxc3 12. bxc3 e4 13. Rxe4 Bxc3 14.
Rb1 Bf5 15. Re3 Bf6 16. Bc4 Qc7 17. Qe1 Kg7 18. h3 h5 19. a5 Rab8 20. Ne5 Rbe8 21. f4 h4 22. Kh1 Re7 23. Bd5 b6 24. axb6 axb6 25. Bc4 Rfe8 26. Bb5 Ra8 27. Qe2 Ra2 28. Bc4 Ra8 29. Re1 Rd8 30. Qf3 Rd4 31. c3 Rd8 32. Bd5 Rde8 33. c4 Bxe5 34. fxe5 Rxe5 35. Qf4 f6 36.
Ra1 Qe7 37. Rf3 Re1+ 38. Rf1 Rxf1+ 39. Rxf1 Qe2 40. Rg1 Re7 41. Qxh4 Qxd3 42. Ra1 Qd4 43. Qxd4 cxd4 44. Rd1 d3 45. Kg1 Re2 46. g4 Be4 47. Kf1 Bxd5 48. cxd5 Rh2 49. Rxd3 Kf7 50. d6 Ke8 51.
Rf3 f5 52. gxf5 gxf5 53. Rxf5 Kd7 54. Rb5 Rxh3 55. Rxb6 Rd3 56. Ke2 Rxd6 57. Rxd6+ Kxd6 1/2-1/2

[Event "*** Titled Tuesday Blitz"]
[Site "Chess.com"]
[Date "2020.05.12"]
[Round "2"]
[White "Egor_Pakhomov"]
[Black "MusicCityMaster"]
[Result "1-0"]
[WhiteElo "2625"]
[BlackElo "2312"]
[TimeControl "180+1"]
[EndTime "10:19:12 PDT"]
[Termination "Egor_Pakhomov won on time"]

1. d4 Nf6 2. Nf3 e6 3. c4 c5 4. Nc3 cxd4 5. Nxd4 Bc5 6. e4 Nc6 7. Be3 Ne5 8. Be2 d6 9. f4 Ng6 10. O-O a6 11. Nc2 Bxe3+ 12. Nxe3 Qb6 13. Qd2 O-O 14. Kh1 Bd7 15. Rad1 Bc6 16. Bd3 Rfd8 17. Bb1 Rac8 18. b3 Qc5 19. e5 Nh5 20. Bxg6 hxg6 21. exd6 b5 22. cxb5 axb5 23. Ne2 b4 24. Qd4 Qa5 25. Rd2 Nf6 26. Nc4 Qa6 27. Ne5 Bd5 28. Qxb4 Ne4 29. d7 Rc5 30. Rb2 Qd6 31. Kg1 g5 32.
Qd4 f6 33. Nd3 Rc7 34. fxg5 Nxg5 35. Nef4 Rcxd7 36. Nxd5 Qxd5 37. Qxd5 Rxd5 38. Nf4 Rd2 39. Rxd2 Rxd2 40. Ra1 e5 41. Nh5 e4 42. a4 e3 43.
Ng3 Rb2 44. a5 Ne6 45. a6 Nc7 46. a7 Kh7 47. Nf5 Rxb3 48. Kf1 Na8 49. Ke2 Rb2+ 50. Kf3 Rf2+ 51. Ke4 e2 52. Ng3 Rxg2 53. Kf3 Rxh2 54.
Nxe2 Rh3+ 55. Ke4 Rb3 56. Kd5 Rb7 57. Nd4 g5 58. Kc6 Rc7+ 59. Kd6 Rb7 60. Nc6 g4 61. Re1 g3 62. Rg1 Rb3 63. Nd4 1-0

[Event "*** Titled Tuesday Blitz"]
[Site "Chess.com"]
[Date "2020.05.12"]
[Round "2"]
[White "NormWeinstein"]
[Black "checkmatequen"]
[Result "0-1"]
[WhiteElo "2441"]
[BlackElo "2244"]
[TimeControl "180+1"]
[EndTime "10:19:12 PDT"]
[Termination "checkmatequen won on time"]

1. e4 c5 2. Nf3 e6 3. Nc3 a6 4. g3 b5 5. Bg2 Bb7 6. d4 cxd4 7. Nxd4 Nf6 8. Qe2 Qc7 9. O-O d6 10. a4 b4 11. Na2 Nbd7 12. Nxb4 Nc5 13. f3 e5 14. Nd5 Nxd5 15. exd5 Bxd5 16. c4 Bb7 17. b4 Be7 18. Nf5 Ne6 19. Be3 O-O 20. Rfd1 Rfd8 21.
Qf2 Qd7 22. Bb6 Nc7 23. Rac1 Qxf5 24. Bxc7 Rd7 25. Bb6 Rc8 26. a5 h5 27. b5 d5 28.
bxa6 Bxa6 29. cxd5 Rxc1 30. Rxc1 Rxd5 31. Bf1 Bxf1 32.
Rxf1 Qd3 33. Qe3 Qxe3+ 34. Bxe3 Rxa5 35. Rf2 Ra3 36. Bb6 Rb3 37. Ba7 h4 38. Kg2 g6 39.
Ra2 h3+ 40. Kf2 Rb7 41. Be3 Kg7 42. g4 Bh4+ 43. Ke2 Rb1 44. Kd3 Rh1 45. Ke4 Re1 46. Kd3 f6 47. Bd2 Rg1 48. Be3 Rg2 49. Re2 Rxe2 50.
Kxe2 Bg3 51. Bg1 Bf4 52. Kf1 Kf7 53. Ke2 Ke6 54. Kd3 Kd5 55. Ke2 f5 56. gxf5 gxf5 57. Kf2 e4 58. Ke2 e3 59. Kd3 Ke5 60. Ke2 Kd4 61.
Ke1 Kd3 0-1

[Event "*** Titled Tuesday Blitz"]
[Site "Chess.com"]
[Date "2020.05.12"]
[Round "2"]
[White "FGHSMN"]
[Black "Khamrakulov_Djurabek"]
[Result "0-1"]
[WhiteElo "2526"]
[BlackElo "2821"]
[TimeControl "180+1"]
[EndTime "10:19:13 PDT"]
[Termination "Khamrakulov_Djurabek won by checkmate"]

1. e4 c6 2. d4 d5 3. Nc3 dxe4 4. Nxe4 Bf5 5. Ng3 Bg6 6. h4 h6 7. N1e2 e6 8. Nf4 Bh7 9. Bc4 Nd7 10. Qe2 Ngf6 11. c3 Nb6 12. Bd3 Bxd3 13. Qxd3 Bd6 14. Bd2 Nbd5 15. Nfh5 Nxh5 16. Nxh5 g6 17. Ng3 h5 18.
Ne4 Bf4 19. O-O-O Qc7 20. c4 Ne7 21. Nf6+ Kf8 22. Kb1 Kg7 23. Ne4 Bxd2 24. Rxd2 Rad8 25. Qc3 Qf4 26. Re1 Rhe8 27. g3 Qf5 28. Ka1 Ng8 29.
c5 Qd5 30. Nd6 Re7 31. a3 Nf6 32. Re5 Qh1+ 33. Ka2 Nd5 34. Qb3 b6 35. f4 bxc5 36. dxc5 Qg1 37. Rde2 Qxc5 38. Ne4 Qb5 39. Qxb5 cxb5 40.
Nc5 Rc7 41. b4 Nc3+ 42. Kb3 Nxe2 43. Rxe2 Rd5 44. Rc2 Kg8 45. Rc3 e5 46. fxe5 Rxe5 47. a4 bxa4+ 48. Kxa4 Rc6 49. Kb5 Rb6+ 50. Ka5 Re1 51.
Rd3 Ra1+ 52. Na4 Kg7 53. Rd7 Ra3 54. Rxa7 Rd6 55. b5 Rd4 56. Kb6 Rdxa4 57. Rxa4 Rxa4 58.
Kc7 Rc4+ 59. Kd6 Rg4 60. b6 Rxg3 61. b7 Rb3 62. Kc7 g5 63. b8=Q Rxb8 64. Kxb8 gxh4 65. Kc7 h3 66. Kd6 h2 67. Ke5 h1=Q 68. Kf4 Qg2 69. Ke3 h4 70. Kd4 h3 71. Ke5 h2 72. Kd6 h1=Q 73.
Kc5 Qd1 74. Kb6 Qgc2 75. Ka7 Qdb1 76. Ka8 Qca2# 0-1

[Event "*** Titled Tuesday Blitz"]
[Site "Chess.com"]
[Date "2020.05.12"]
[Round "2"]
[White "chenxiaoyuer"]
[Black "WinningButNotReally"]
[Result "1-0"]
[WhiteElo "2239"]
[BlackElo "2437"]
[TimeControl "180+1"]
[EndTime "10:19:14 PDT"]
[Termination "chenxiaoyuer won by resignation"]

1. e4 c6 2. d4 d5 3. Nc3 dxe4 4. Nxe4 Bf5 5. Ng3 Bg6 6. h4 h6 7. Nf3 Nd7 8. h5 Bh7 9. Bd3 Bxd3 10. Qxd3 Ngf6 11.
Bd2 Qc7 12. O-O-O e6 13. Ne4 O-O-O 14. g3 c5 15. Nxf6 Nxf6 16. Bf4 Qa5 17. Kb1 cxd4 18. Ne5 Rd5 19. Nxf7 Rg8 20. Rhe1 Qb6 21. Qc4+ Bc5 22. Ne5 Qb4 23. Qxb4 Bxb4 24. Re2 Nxh5 25. Nd3 Nxf4 26. Nxf4 Rd6 27. Rxe6 Rgd8 28. Rxd6 Rxd6 29. a3 Bc5 30. Rd3 Kd7 31. Kc1 Kc6 32. Kd2 Bb6 33. Rf3 Rf6 34.
Ke2 g5 35. Nd3 Re6+ 36. Kd2 a5 37. a4 Kd5 38. Rf5+ Kd6 39. Rb5 Kc7 40. Rd5 Rf6 41.
Re5 Kd6 42. Re4 Kd5 43. Re7 Kc6 44. f4 Bc7 45. Re4 g4 46. Re7 Bd6 47. Re4 Kd5 48. Re8 Re6 49. Rxe6 Kxe6 50. Nf2 h5 51. Kd3 Kd5 52. Ne4 Be7 53. c3 dxc3 54. Nxc3+ Kc5 55. Ke4 Kb4 56. Nd5+ Kxa4 57. Nxe7 Kb3 58. f5 Kxb2 59. f6 a4 60. f7 a3 61. f8=Q a2 62. Qf6+ Kb1 63.
Qb6+ Kc1 64. Qd4 Kb1 65. Qb4+ Kc1 66. Qc3+ Kb1 67. Qb3+ Ka1 68. Qc2 1-0

[Event "*** Titled Tuesday Blitz"]
[Site "Chess.com"]
[Date "2020.05.12"]
[Round "2"]
[White "BaMBoMaTTo"]
[Black "JozefKneht"]
[Result "1/2-1/2"]
[WhiteElo "2635"]
[BlackElo "2376"]
[TimeControl "180+1"]
[EndTime "10:19:17 PDT"]
[Termination "Game drawn by repetition"]

1. d4 d5 2. c4 e6 3. Nc3 Nf6 4. cxd5 exd5 5. Bg5 Be7 6. e3 O-O 7. Bd3 c6 8. h3 Nbd7 9. Nf3 Re8 10. O-O Nf8 11.
Ne5 N6d7 12. Bxe7 Qxe7 13. Nf3 Nf6 14. Qc2 Be6 15. Rab1 h6 16. b4 a6 17. a4 N8d7 18.
b5 axb5 19. axb5 c5 20. b6 Rec8 21. Rfc1 Rc6 22. dxc5 Qxc5 23. Qd1 Qe7 24. Na4 Rxc1 25. Rxc1 Qd6 26. Nd4 Nxb6 27. Nb5 Qd8 28. Nc5 Rb8 29. Nd4 Qe7 30. Qb3 Nbd7 31. Ncxe6 fxe6 32. Rc7 b6 33. Nc6 Qd6 34. Rxd7 Nxd7 35. Nxb8 Nxb8 36. e4 Nd7 37. exd5 exd5 38. Bc2 Nf6 39. Qd3 Kf8 40. Qf5 Kf7 41.
Bb3 b5 42. g3 b4 43. h4 Qe6 44. Qd3 Qe1+ 45. Kg2 Qe5 46. Qb5 Qe4+ 47. Kg1 h5 48.
Qb7+ Kg6 49. Qc6 Kh6 50. Bc2 Qe1+ 51. Kg2 Qd2 52. Qc8 Ne4 53. Qh8+ Kg6 54. Qe8+ Kh6 55.
Bxe4 dxe4 56. Qxe4 Qc3 57. Qe6+ g6 58. Qe8 Kg7 59.
Qe7+ Kg8 60. Qe8+ Kg7 61. Qe7+ Kg8 62. Qe8+ Kg7 1/2-1/2

[Event "*** Titled Tuesday Blitz"]
[Site "Chess.com"]
[Date "2020.05.12"]
[Round "2"]
[White "Mazanchenko_Dmitry"]
[Black "Thee-Chessboy"]
[Result "0-1"]
[WhiteElo "2124"]
[BlackElo "2408"]
[TimeControl "180+1"]
[EndTime "10:19:17 PDT"]
[Termination "Thee-Chessboy won on time"]

1. e4 c5 2. Ne2 d6 3. Nbc3 Nf6 4. g3 a6 5. a4 b6 6. Bg2 Bb7 7. O-O e6 8. d3 Be7 9. h3 Qc7 10. f4 Nbd7 11. f5 e5 12. g4 h6 13. Ng3 O-O-O 14. h4 Nh7 15. Nh5 g6 16. fxg6 fxg6 17.
Ng7 Ndf8 18. Bxh6 Bxh4 19. Nd5 Bxd5 20. exd5 Bg5 21. Bxg5 Nxg5 22. Ne6 Nfxe6 23. dxe6 Qh7 24. Rf7 Qh2+ 25. Kf1 Nxf7 26. Qf3 Qf4 27. exf7 d5 28. Qxf4 exf4 29. c4 dxc4 30. dxc4 g5 31. Bd5 Kd7 32. Re1 Rdf8 33. Re5 Rh3 34. Rxg5 Rg3 35. Kf2 Rb3 36. Rg7 Ke7 37. g5 Rg3 38. g6 Kf6 39. Rg8 Ke7 40.
g7 Rxf7 41. Bxf7 Kxf7 42. Rf8+ Kxg7 43. Rxf4 Rb3 44. Re4 Rxb2+ 45. Kf3 Rb4 46. Re6 Kf7 47. Rd6 Ke7 48. Rh6 Kd7 49. Ke4 Kc7 50. Kd5 Rxa4 51.
Rh7+ Kd8 52. Kc6 Rb4 53. Rh8+ Ke7 54. Ra8 a5 55. Ra6 a4 56. Ra7+ Ke6 57. Ra6 Ke5 58. Ra7 Kd4 59. Ra6 Kxc4 0-1

[Event "*** Titled Tuesday Blitz"]
[Site "Chess.com"]
[Date "2020.05.12"]
[Round "2"]
[White "FLamps8"]
[Black "Sanan_Sjugirov"]
[Result "0-1"]
[WhiteElo "2563"]
[BlackElo "2928"]
[TimeControl "180+1"]
[EndTime "10:19:18 PDT"]
[Termination "Sanan_Sjugirov won by resignation"]

1. d4 Nf6 2. Nf3 d5 3. c4 e6 4. Nc3 c6 5. e3 Nbd7 6. Qc2 b6 7. e4 dxe4 8. Nxe4 Bb7 9. Bd3 Be7 10.
Bf4 Nxe4 11. Bxe4 Nf6 12. Bd3 c5 13. Qa4+ Qd7 14. Qxd7+ Nxd7 15. dxc5 Nxc5 16. Bc2 Rd8 17. Rd1 Rxd1+ 18. Kxd1 f6 19. Ke2 Kf7 20. Rd1 e5 21. Be3 Ke6 22. b3 a5 23. h4 g6 24. h5 Rg8 25. hxg6 hxg6 26. Rh1 Ne4 27. Bxb6 a4 28. bxa4 Nc3+ 29. Kd2 Nxa2 30. Bb3 Bb4+ 31. Kc2 Nc3 32. c5+ Nd5 33. Nd2 Kf5 34. Nc4 Bc6 35.
a5 Ra8 36. Nd6+ Kg4 37. Rd1 Nc3 38. Rd3 Nb5 39. Rg3+ Kh5 40. Nxb5 Bxb5 41. Bf7 Bxa5 42. Bxg6+ Kh6 43. Bxa5 Rxa5 44. Bf7 Ba4+ 45. Kb2 Rxc5 46. Rg6+ Kh7 47. Rxf6 Kg7 48. Rf3 Bc6 49. Rf5 Be4 50.
Be6 Rc2+ 51. Kb3 Bxf5 52. Bxf5 Rxf2 53. Be4 Kf6 54. Kc4 Rd2 55. g3 Rd4+ 0-1